 Dungeon Crawl Stone Soup version 0.26-b1-32-g5d43845318 (webtiles) character file.

Game seed: 8998329491191512839

4848 Mattiprrivan the Chucker (level 10, -1/83 HPs)
             Began as a Palentonga Brigand on Jan 4, 2021.
             Was a Priest of Dithmenos.
             Slain by a killer bee (2 damage)
             ... while petrified by a basilisk
             ... on level 10 of the Dungeon on Jan 5, 2021.
             The game lasted 01:46:01 (11232 turns).

Mattiprrivan the Chucker (Palentonga Brigand)      Turns: 11232, Time: 01:46:01

Health: -1/83      AC: 12    Str: 16    XL:     10   Next: 25%
Magic:  13/13      EV:  1    Int: 12    God:    Dithmenos [***...]
Gold:   522        SH:  0    Dex: 21    Spells: 9/14 levels left

rFire    . . .     SeeInvis +   a - +3 dagger (chaos)
rCold    . . .     Faith    +   (no shield)
rNeg     + + +     Spirit   .   (no armour)
rPois    ∞         Reflect  .   (no helmet)
rElec    .         Harm     .   c - +1 cloak
rCorr    .         Rampage  .   (no gloves)
Will     .....                  (no barding)
Stlth    ++++++....             q - amulet of faith
HPRegen  0.23/turn              i - +6 ring of dexterity
MPRegen  0.13/turn              o - ring of stealth

@: petrified, wreathed by umbra, curled up
A: large, rugged brown scales 3, see invisible, agile 1, deformed body, roll 2,
armoured tail, reflexive curl
a: Rolling Charge, Renounce Religion, Shadow Step


You were on level 10 of the Dungeon.
You worshipped Dithmenos.
Dithmenos was most pleased with you.
You visited 1 branch of the dungeon, and saw 10 of its levels.

You collected 522 gold pieces.

Inventory:

Hand Weapons
 a - a +3 dagger of chaos (weapon)
 h - a +0 scythe
 j - a +4 short sword of holy wrath
 p - a +2 dagger of flaming
Missiles
 d - 32 poisoned darts (quivered)
 g - 7 boomerangs
Armour
 b - a +1 robe of cold resistance
 c - a +1 cloak (worn)
 e - a +2 robe of fire resistance
 t - +0 pearl dragon scales
Jewellery
 i - a +6 ring of dexterity (left hand)
 o - a ring of stealth (right hand)
 q - an amulet of faith (around neck)
 v - a cursed -4 ring of dexterity
Wands
 m - a wand of disintegration (13)
 s - a wand of polymorph (2)
 w - a wand of random effects (29)
 y - a wand of digging (3)
Scrolls
 k - 8 scrolls of remove curse
 l - 2 scrolls of enchant armour
 u - 2 scrolls of fog
 x - 2 scrolls of identify
 z - a scroll of immolation
Potions
 f - a potion of brilliance
 r - 2 potions of invisibility
 B - a potion of might


   Skills:
 * Level 3.8 Fighting
 * Level 4.7(5.3) Short Blades
 * Level 3.5(4.7) Long Blades
 * Level 3.0(3.9) Axes
 * Level 2.2(3.4) Maces & Flails
 * Level 2.7(3.6) Polearms
 * Level 2.4(3.5) Staves
 * Level 4.7 Throwing
 * Level 2.7 Armour
 * Level 2.9 Dodging
 * Level 4.3 Stealth
 * Level 3.3 Unarmed Combat
 * Level 2.5 Spellcasting
 * Level 2.8 Conjurations
 * Level 2.6 Hexes
 * Level 3.3 Invocations
 * Level 2.7 Evocations


You had 9 spell levels left.
You knew the following spells:

 Your Spells              Type           Power        Failure   Level
a - Searing Ray           Conj           16%          12%         2
b - Dazzling Flash        Conj/Hex       16%          26%         3

Your spell library contained the following spells:

 Spells                   Type           Power        Failure   Level
 Magic Dart               Conj           32%          9%          1
 Fulminant Prism          Conj/Hex       4%           63%         4
 Iskenderun's Mystic Bla  Conj/Tloc      4%           82%         4


Dungeon Overview and Level Annotations

Branches:
Dungeon (10/15)            Temple (0/1) D:4            Lair (0/6) D:10
    Orc: D:9-12

Altars:
Dithmenos
Fedhas
Hepliaklqana
Nemelex Xobeh
Qazlal
Uskayaw
Xom
Yredelemnul
Zin

Shops:
D:4 =   D:7 [   D:9 [


Innate Abilities, Weirdness & Mutations

You are completely covered in rugged brown scales. (AC +3, +7% HP)
You have supernaturally acute eyesight. (SInv)
Armour fits poorly on your strangely shaped body.
You can roll at foes to attack.
You have a long armoured tail.
You curl defensively after being hit.
You are agile. (Dex +2)


Message History

* * * LOW HITPOINT WARNING * * *
The killer bee stings you but does no damage.
You have turned to stone.
The killer bee stings you.
The killer bee stings you but does no damage.
The killer bee stings you.
The killer bee stings you but does no damage.
The killer bee stings you but does no damage.
The killer bee stings you.
* * * LOW HITPOINT WARNING * * *
The killer bee stings you but does no damage. x2
The killer bee stings you!
* * * LOW HITPOINT WARNING * * *
The killer bee stings you but does no damage.
The killer bee stings you.
* * * LOW HITPOINT WARNING * * *
The killer bee stings you but does no damage.
The killer bee stings you but does no damage.
The killer bee stings you.
You die...

#.....>...#
#.........#
#...?.....#
#....§§...#
+...§§§§§.#
#..yl§§§..####
#l..§§§......#
##
######l#.....#
.#
#...@yy#.._..#
####.##
#.#####.......#
......#
.......#
......#
....##.#
......# ......
......## ..####
........# ..#
......#.#
......#


You could see a basilisk and 2 killer bees.

Vanquished Creatures
  Pikel (D:5)
  A cyclops (D:9)
  Psyche (D:8)
  Sigmund (D:2)
  A yak (D:10)
  Eustachio (D:5)
  Duvessa (D:6)
  A water moccasin (D:9)
  An ice beast (D:6)
  2 orc warriors (D:8)
  4 ogres
  4 sky beasts
  3 centaurs
  A lemure (D:5)
  A big kobold (D:7)
  5 bullfrogs
  Dowan (D:6)
  A water moccasin zombie (D:8)
  8 killer bees
  A bullfrog zombie (D:6)
  2 hounds
  2 jellies
  4 orc priests
  2 bullfrog skeletons
  Terence (D:2)
  5 iguanas
  8 orc wizards
  A worker ant (D:7)
  A killer bee zombie (D:6)
  A howler monkey zombie (D:9)
  A worker ant zombie (D:5)
  8 adders
  3 white imps
  3 ufetubi
  2 adder zombies
  2 adder skeletons
  2 dart slugs (D:2)
  A leopard gecko (D:6)
  31 orcs
  3 giant cockroaches
  7 goblins
  2 hobgoblins
  9 jackals
  2 quokkas
  4 ball pythons
  4 bats
  4 frilled lizards
  13 kobolds
  4 rats
172 creatures vanquished.

Vanquished Creatures (others)
  8 fungi
  15 plants
23 creatures vanquished.

Grand Total: 195 creatures vanquished

Notes
Turn   | Place    | Note
-------+----------+-------------------------------------------
     0 | D:1      | Mattiprrivan the Palentonga Brigand began the quest for the
                  | Orb.
     0 | D:1      | Reached XP level 1. HP: 18/18 MP: 1/1
   394 | D:1      | Reached XP level 2. HP: 25/25 MP: 2/2
  1173 | D:2      | Noticed Sigmund
  1179 | D:2      | Killed Sigmund
  1180 | D:2      | Reached skill level 1 in Long Blades
  1180 | D:2      | Reached skill level 1 in Armour
  1180 | D:2      | Reached skill level 1 in Dodging
  1180 | D:2      | Reached skill level 1 in Unarmed Combat
  1180 | D:2      | Reached XP level 3. HP: 29/32 MP: 3/3
  1180 | D:2      | Reached XP level 4. HP: 36/39 MP: 4/4
  1180 | D:2      | Reached XP level 5. HP: 41/44 MP: 5/5
  1904 | D:2      | Noticed Terence
  1915 | D:2      | Killed Terence
  2071 | D:2      | Found a shadowy altar of Dithmenos.
  2091 | D:2      | Became a worshipper of Dithmenos the Shadowed
  2118 | D:2      | Found a hazy altar of Hepliaklqana.
  2565 | D:3      | Gained mutation: You are strong-willed. (Will+) [potion of
                  | mutation]
  2565 | D:3      | Gained mutation: You are agile. (Dex +2) [potion of
                  | mutation]
  2565 | D:3      | Lost mutation: You are strong-willed. (Will+) [potion of
                  | mutation]
  2565 | D:3      | Gained mutation: You can roll at foes to attack. [potion of
                  | mutation]
  2827 | D:3      | Reached XP level 6. HP: 37/53 MP: 4/6
  3308 | D:4      | Found Cisidgh's Jewellery Boutique.
  3318 | D:4      | Learned a level 2 spell: Searing Ray
  3457 | D:4      | Noticed a +0 hand axe
  3457 | D:4      | Noticed a +0 hand axe
  3459 | D:4      | Found a hide-covered altar of Uskayaw.
  3533 | D:4      | Found a staircase to the Ecumenical Temple.
  3763 | D:5      | Entered Level 5 of the Dungeon
  3768 | D:5      | Learned a level 3 spell: Dazzling Flash
  3798 | D:5      | Noticed Pikel
  3819 | D:5      | Killed Pikel
  3820 | D:5      | Reached skill level 1 in Polearms
  3820 | D:5      | Reached skill level 1 in Spellcasting
  3820 | D:5      | Reached skill level 1 in Conjurations
  3820 | D:5      | Reached skill level 1 in Invocations
  3820 | D:5      | Reached skill level 1 in Evocations
  3820 | D:5      | Gained mutation: You curl defensively after being hit.
                  | [Palentonga growth]
  3820 | D:5      | Reached XP level 7. HP: 5/59 MP: 6/8
  4252 | D:5      | Reached * piety under Dithmenos
  4289 | D:5      | Noticed Eustachio
  4297 | D:5      | Killed Eustachio
  4298 | D:5      | Reached XP level 8. HP: 67/67 MP: 9/9
  4658 | D:6      | Reached skill level 1 in Axes
  5372 | D:6      | Reached ** piety under Dithmenos
  5439 | D:6      | Noticed Duvessa
  5442 | D:6      | Noticed Dowan
  5455 | D:6      | Killed Duvessa
  5456 | D:6      | Reached skill level 1 in Staves
  5456 | D:6      | Reached skill level 1 in Hexes
  5461 | D:6      | Killed Dowan
  6465 | D:7      | Reached XP level 9. HP: 74/74 MP: 11/11
  6773 | D:7      | Found a stormy altar of Qazlal.
  7008 | D:7      | Found a blossoming altar of Fedhas.
  7167 | D:7      | Reached skill level 1 in Maces & Flails
  7411 | D:7      | Found Honuwn's Armour Boutique.
  7520 | D:8      | Reached *** piety under Dithmenos
  8617 | D:8      | Noticed Maurice
  8621 | D:8      | Noticed Maurice
  8621 | D:8      | Maurice changed into Maurice the hound
  8624 | D:8      | Killed Maurice the hound
  8753 | D:8      | Noticed Psyche
  8758 | D:8      | Killed Psyche
  9130 | D:9      | Noticed Maggie
  9132 | D:9      | Noticed Maggie
  9132 | D:9      | Maggie changed into Maggie the water moccasin
  9141 | D:9      | Killed Maggie the water moccasin
  9411 | D:9      | Found a glowing silver altar of Zin.
  9415 | D:9      | Found a basalt altar of Yredelemnul.
  9420 | D:9      | Found a sparkling altar of Nemelex Xobeh.
  9738 | D:9      | Reached XP level 10. HP: 63/83 MP: 13/13
  9822 | D:9      | Noticed a cyclops
  9844 | D:9      | HP: 2/83 [cyclops (24)]
  9874 | D:9      | Killed a cyclops
 10370 | D:9      | Found a shimmering altar of Xom.
 10483 | D:9      | Found Ilohaasek's Antique Armour Shoppe.
 10503 | D:9      | Found a shimmering altar of Xom.
 10503 | D:9      | Found a shimmering altar of Xom.
 10503 | D:9      | Found a shimmering altar of Xom.
 10580 | D:9      | Found a shimmering altar of Xom.
 10633 | D:9      | Found a shimmering altar of Xom.
 10754 | D:10     | Entered Level 10 of the Dungeon
 11199 | D:10     | Noticed a shock serpent
 11199 | D:10     | a yak changed into a shock serpent
 11202 | D:10     | Found a staircase to the Lair.
 11209 | D:10     | Found a hide-covered altar of Uskayaw.
 11230 | D:10     | HP: 4/83 [killer bee (3)]
 11231 | D:10     | HP: 1/83 [killer bee (3)]
 11232 | D:10     | Slain by a killer bee

Illustrated notes

Levels and vault maps discovered:
D:1:      lemuel_arrival_muddy, layout_loops_corners, hangedman_glass_teeth
D:2:      layout_basic, nzn_hepliaklqana_mist_gate,
          nicolae_dithmenos_through_a_glass_darkly, uniq_terence, uniq_sigmund
D:3:      layout_basic
D:4:      layout_rooms, dancing_weapons_uskayaw, temple_pool_b, serial_shops,
          shop_statue
D:5:      layout_cave_pools, serial_column_ruins, column_ruins_columns_corner,
          column_ruins_grid_1, column_ruins_columns_corner,
          column_ruins_open_tiny, column_ruins_grid_1, column_ruins_open_tiny,
          uniq_pikel, uniq_eustachio
D:6:      layout_cave_pods, st_stairs_6, uniq_duvessa
D:7:      layout_cave_pools, grunt_temple_overflow_forces_of_nature,
          serial_shops, shop
D:8:      layout_layer_cave, uniq_psyche, uniq_maurice
D:9:      layout_roguey, minmay_overflow_temple_star_quad, xom_shifter_show,
          serial_shops, kennysheep_mini, eino_tiny_chamber, uniq_maggie
D:10:     layout_roguey, minmay_lair_entry_grove, basic_altar, enter_bailey_4,
          gammafunk_ghost_arena, tso_altar

Skill      XL: |  1  2  3  4  5  6  7  8  9 10 |
---------------+-------------------------------+-----
Stealth        | 3 4 |  4.3
Long Blades    | 1 2 3 |  3.5
Throwing       | 2 3 4 |  4.7
Armour         | 1 2 |  2.7
Dodging        | 1 2 |  2.9
Unarmed Combat | 1 2 3 |  3.3
Short Blades   | 3 4 |  4.7
Polearms       | 1 2 |  2.7
Spellcasting   | 1 2 |  2.5
Conjurations   | 1 2 |  2.8
Invocations    | 1 2 3 |  3.3
Evocations     | 1 2 |  2.7
Fighting       | 3 |  3.8
Axes           | 1 2 3 |  3.0
Staves         | 1 2 |  2.4
Hexes          | 1 2 |  2.6
Maces & Flails | 2 |  2.2

Action                   |  1- 3 |  4- 6 |  7- 9 | 10-12 || total
-------------------------+-------+-------+-------+-------++-------
Melee: Dagger            |    42 |    93 |   246 |    49 ||   430
       Tailslap          |     2 |    24 |    54 |    10 ||    90
       Punch             |       |       |     3 |       ||     3
       Short sword       |       |       |       |     1 ||     1
Throw: Dart              |    22 |    60 |    96 |    13 ||   191
       Boomerang         |     3 |     1 |       |       ||     4
 Cast: Searing Ray       |       |       |     7 |     2 ||     9
 Abil: Rolling Charge    |     3 |     1 |     1 |     1 ||     6
Evoke: Wand              |       |     1 |    30 |     9 ||    40
  Use: Scroll            |     2 |     5 |    10 |     5 ||    22
       Potion            |     3 |     8 |     5 |       ||    16
 Stab: Sleeping          |     4 |     5 |     6 |     7 ||    22
       Paralysed         |       |       |     1 |       ||     1
       Distracted        |       |       |       |     1 ||     1
Armor: Robe              |    19 |    30 |    33 |       ||    82
       Skin              |       |       |    18 |    30 ||    48
Dodge: Dodged            |    21 |    42 |   116 |    32 ||   211
